AoeStats
← 念

Arabia

509111625Analyzed
4v4 RM · 7d ago on Sep 25, 2026· 49m 47s· 8 players
Game mode
Random Map
Map size
Large (8 player)
Population
200
Speed
Normal
Resources
Standard
Victory
Conquest
Starting age
Dark Age
Ending age
Imperial Age
RankedLock teamsTeams togetherTeam positionsShared explorationLock speedFull tech treeHidden civsTurbo modeCheats
Victory
Defeat
1208
+17
🇬🇧 Magyars · United Kingdom
1196
+22
🇪🇸 Franks · Spain
1170
+19
🇧🇪 Lithuanians · Belgium
1163
+19
🇹🇼 Byzantines · Taiwan
1255
-20
🇨🇦 Mongols · Canada
1238
-18
🇨🇳 Franks · China
1219
-18
🇨🇳 Vietnamese · China
1207
-17
[KBRA] Oeseka
6:51 Loom
9:55 Feudal Age
11:51 Double-Bit Axe
18:28 Forging
22:18 Castle Age
22:37 Scale Barding Armor
23:44 Chain Barding Armor
27:15 Wheelbarrow
28:18 Bow Saw
30:15 Iron Casting
32:35 Hand Cart
36:12 Fletching
41:37 Light Cavalry
43:29 Husbandry
49:06 Imperial Age
kooroshhh2k TZATZIKI LOVER
6:26 Loom
9:37 Feudal Age
15:28 Double-Bit Axe
22:00 Castle Age
20:37 Bloodlines
22:31 Castle Age
20:44 Scale Barding Armor
21:41 Gold Mining
21:34 Horse Collar
22:58 Fletching
23:40 Bodkin Arrow
23:46 Padded Archer Armor
24:29 Gold Shaft Mining
24:08 Bow Saw
24:45 Light Cavalry
26:30 Leather Archer Armor
27:13 Ballistics
28:08 Husbandry
29:49 Chain Barding Armor
32:27 Wheelbarrow
37:10 Imperial Age
35:02 Leather Archer Armor
38:35 Plate Barding Armor
38:01 Bracer
38:32 Ring Archer Armor
39:04 Gold Shaft Mining
39:14 Parthian Tactics
38:10 Heavy Cavalry Archer
39:52 Chemistry
39:35 Thumb Ring
41:03 Hussar
42:18 Hand Cart
41:50 Town Watch
42:56 Conscription
46:38 Recurve Bow
SicariusFeroxis
6:23 Loom
8:55 Feudal Age
11:48 Double-Bit Axe
11:44 Horse Collar
17:25 Fletching
18:47 Padded Archer Armor
20:50 Wheelbarrow
25:30 Castle Age
23:42 Gold Mining
26:09 Bodkin Arrow
25:41 Crossbowman
28:58 Bow Saw
30:26 Leather Archer Armor
38:01 Imperial Age
38:01 Stone Mining
39:12 Fervor
39:40 Hand Cart
39:53 Scale Barding Armor
39:49 Bracer
41:54 Chain Barding Armor
42:05 Ring Archer Armor
43:22 Plate Barding Armor
43:24 Ballistics
43:49 Elite Skirmisher
45:24 Scale Mail Armor
45:47 Heavy Plow
49:06 Chemistry
Ricardo Corazon de León
8:49 Loom
10:34 Feudal Age
11:56 Double-Bit Axe
16:23 Castle Age
14:49 Stone Mining
15:13 Horse Collar
17:16 Gold Mining
18:52 Fletching
21:02 Gold Shaft Mining
21:49 Bodkin Arrow
22:49 Padded Archer Armor
25:47 Ballistics
30:12 Town Watch
32:27 Bow Saw
33:42 Leather Archer Armor
36:17 Heavy Plow
37:50 Wheelbarrow
42:17 Imperial Age
40:35 Hand Cart
41:24 Scale Mail Armor
41:35 Forging
40:50 Pikeman
41:31 Squires
41:16 Gambesons
41:42 Murder Holes
42:54 Chain Mail Armor
44:16 Chemistry
44:36 Bracer
47:00 Fortified Wall
50:42 Two-Man Saw
[MAD1] killmeifyoucan
12:02 Feudal Age
16:40 Castle Age
18:03 Wheelbarrow
19:59 Loom
20:00 Town Watch
23:11 Bloodlines
24:17 Husbandry
27:14 Wheelbarrow
28:26 Forging
28:21 Scale Barding Armor
28:55 Double-Bit Axe
30:45 Hand Cart
30:30 Town Patrol
34:46 Iron Casting
34:32 Chain Barding Armor
37:26 Iron Casting
37:12 Chain Barding Armor
DeeperDeeper
6:54 Loom
9:04 Feudal Age
10:00 Horse Collar
10:08 Double-Bit Axe
11:11 Horse Collar
15:44 Fletching
20:33 Padded Archer Armor
24:15 Castle Age
22:58 Scale Mail Armor
23:05 Padded Archer Armor
24:41 Forging
24:32 Scale Mail Armor
25:18 Bodkin Arrow
25:39 Leather Archer Armor
25:03 Elite Skirmisher
38:17 Wheelbarrow
37:06 Pikeman
38:35 Forging
38:25 Scale Mail Armor
38:52 Bow Saw
39:25 Squires
39:52 Heavy Plow
40:46 Hand Cart
44:19 Imperial Age
42:12 Ballistics
41:33 Treadmill Crane
42:49 Scale Mail Armor
43:25 Iron Casting
44:44 Thumb Ring
44:59 Gold Mining
45:00 Stone Mining
46:12 Two-Man Saw
45:43 Crop Rotation
44:37 Halberdier
45:50 Ring Archer Armor
45:21 Bracer
念
5:08 Loom
9:44 Feudal Age
10:27 Double-Bit Axe
17:44 Scale Barding Armor
17:50 Gold Mining
18:57 Wheelbarrow
18:50 Forging
22:53 Castle Age
23:51 Husbandry
24:02 Bow Saw
24:41 Hand Cart
25:44 Gold Shaft Mining
27:41 Chain Barding Armor
29:12 Iron Casting
34:40 Town Watch
34:58 Stone Mining
42:45 Imperial Age
43:10 Cavalier
44:34 Plate Barding Armor
45:06 Paladin
47:53 Fletching
49:04 Blast Furnace
49:06 Hoardings
49:03 Bodkin Arrow
老徐
5:35 Loom
6:34 Loom
9:30 Feudal Age
11:24 Fletching
17:00 Padded Archer Armor
21:52 Castle Age
20:18 Gold Mining
21:03 Double-Bit Axe
22:49 Crossbowman
23:53 Bow Saw
29:40 Wheelbarrow
34:55 Hand Cart
35:34 Bodkin Arrow
37:17 Leather Archer Armor
39:37 Horse Collar
42:28 Stone Mining
46:07 Imperial Age
44:53 Heavy Plow
46:53 Bracer
47:40 Ring Archer Armor
48:13 Paper Money
48:55 Two-Man Saw
48:29 Crop Rotation
49:15 Chemistry
49:41 Arbalester
Connection lost

Rejoining the realm…

Still unreachable

The connection could not be restored.

Session expired

The server has moved on; the page needs a fresh start.